 Dungeon Crawl Stone Soup version 0.28-a0-980-g3664467d6e (webtiles) character file.

Game seed: 14795711608571055995

166 Aksej the Insei (level 5, -1/35 HPs)
             Began as an Octopode Transmuter on Dec 2, 2021.
             Slain by a scorpion (4 damage)
             ... on level 4 of the Dungeon.
             The game lasted 00:09:12 (3650 turns).

Aksej the Insei (Octopode Transmuter)               Turns: 3650, Time: 00:09:12

Health: -1/35      AC:  1    Str:  8 (9)  XL:     5   Next: 47%
Magic:  8/8        EV: 13    Int: 14 (15) God:
Gold:   178        SH:  3    Dex: 13 (15) Spells: 7/8 levels left

rFire   . . .      SeeInvis .     - Unarmed
rCold   . . .      Faith    .   a - +0 buckler of the Crypt {+Inv rElec}
rNeg    . . .      Spirit   .   (helmet restricted)
rPois   .          Reflect  .   (no amulet)
rElec   +          Harm     .   (no ring)
rCorr   .          Rampage  .   (no ring)
Will    .....                   (no ring)
Stlth   +++.......              (no ring)
HPRegen 0.11/turn               (no ring)
MPRegen 0.11/turn               (no ring)
                                (no ring)
                                (no ring)

@: lethally poisoned (-1 -> -6)
A: almost no armour, amphibious, 8 rings, camouflage 1, gelatinous body 1,
(nimble swimmer 1), tentacles
a: Evoke Invisibility


You were on level 4 of the Dungeon.
You visited 1 branch of the dungeon, and saw 4 of its levels.

You collected 178 gold pieces.

Inventory:

Armour
 a - the +0 buckler of the Crypt (worn) {+Inv rElec}
   (You acquired it on level 2 of the Dungeon)

   rElec:     It insulates you from electricity.
   +Inv:      It lets you turn invisible.
Jewellery
 c - a ring of flight
 d - an amulet of faith
Scrolls
 h - 3 scrolls of teleportation
Potions
 b - a potion of ambrosia
 g - a potion of flight


   Skills:
 * Level 2.3 Fighting
 * Level 2.9 Dodging
 + Level 2.3 Stealth
 + Level 4.0 Unarmed Combat
 + Level 2.4 Spellcasting
 + Level 2.4 Transmutations


You had 7 spell levels left.
You knew the following spells:

 Your Spells              Type           Power      Damage    Failure   Level
a - Beastly Appendage     Tmut           16%        N/A       14%         1

Your spell library contained the following spells:

 Spells                   Type           Power      Damage    Failure   Level
 Wereblood                Tmut           8%         N/A       22%         2
 Spider Form              Tmut/Pois      5%         N/A       56%         3
 Ice Form                 Ice/Tmut       5%         N/A       92%         4


Dungeon Overview and Level Annotations

Branches:
Dungeon (4/15)
 Temple: D:4-7

Altars:


Innate Abilities, Weirdness & Mutations

You cannot wear most types of armour.
You are amphibious.
You can wear up to eight rings at the same time.
Your skin changes colour to match your surroundings (Stealth+).
Your rubbery body absorbs attacks. (AC +1, EV +1)
((You are camouflaged near water. (Stealth+)))
You have tentacles for arms and can constrict up to eight enemies at once.


Message History

A scorpion comes into view.
The helpless worm fails to defend itself.
You tentacle-slap the worm. You grab the worm.
The worm is moderately wounded.
You constrict the worm. You tentacle-slap the worm.
The worm is heavily wounded.
You constrict the worm. The worm bites you.
You tentacle-slap the worm. You squeeze the worm.
The worm is almost dead.
You constrict the worm.
You kill the worm!
You see here a worm corpse.
The scorpion stings you.
You closely miss the scorpion. Your grab misses the scorpion.
The scorpion stings you.
You are poisoned.
The scorpion poisons you!
You tentacle-slap the scorpion but do no damage.
Your grab misses the scorpion.
You feel very sick.
The scorpion stings you but does no damage.
You tentacle-slap the scorpion but do no damage.
Your grab misses the scorpion. You squeeze the scorpion.
The scorpion is moderately wounded.
You feel sick. The scorpion stings you!
You are too injured to fight recklessly!
You are too injured to fight recklessly!
You are too injured to fight recklessly!
You are too injured to fight recklessly!
You closely miss the scorpion. You grab the scorpion.
The scorpion is moderately wounded.
You constrict the scorpion.
You feel sick. The scorpion stings you.
* * * LOW HITPOINT WARNING * * *
You barely miss the scorpion.
The scorpion is moderately wounded.
You constrict the scorpion, but do no damage.
* * * LOW HITPOINT WARNING * * *
You feel sick. The scorpion closely misses you. The scorpion stings you.
You die...

..# #..# . #..## #...##
.. #...## #...## #..
#...## #...# #...##
#...### #.... #.....#
#.....## #..[
.......###......### #...
......s@†.........###...
.............(.....)....
........................
########################


You could see a scorpion.

Vanquished Creatures
  A hound zombie (D:3)
  A hound skeleton (D:2)
  2 adders
  An adder zombie (D:4)
  An adder skeleton (D:4)
  2 worms
  2 dart slugs
  7 orcs
  10 ball pythons
  6 endoplasms
  10 giant cockroaches
  9 goblins
  6 hobgoblins
  8 jackals
  3 kobolds
  5 quokkas
  4 bats
  2 frilled lizards
  7 rats
87 creatures vanquished.

Vanquished Creatures (others)
  2 plants (D:1)
2 creatures vanquished.

Grand Total: 89 creatures vanquished

Notes
Turn   | Place    | Note
-------+----------+-------------------------------------------
     0 | D:1      | Aksej the Octopode Transmuter began the quest for the Orb.
     0 | D:1      | Reached XP level 1. HP: 13/13 MP: 3/3
     1 | D:1      | Found a runed translucent door.
   200 | D:1      | Reached XP level 2. HP: 18/18 MP: 3/5
   545 | D:1      | Found a faded altar of an unknown god.
   650 | D:1      | Reached XP level 3. HP: 20/23 MP: 4/6
   658 | D:1      | Reached skill level 1 in Stealth
  1697 | D:2      | Reached XP level 4. HP: 29/29 MP: 7/7
  1761 | D:2      | Identified a scroll of acquirement
  1761 | D:2      | Acquired the +0 buckler of the Crypt {+Inv rElec}
  2655 | D:3      | Reached XP level 5. HP: 34/34 MP: 6/8
  2719 | D:3      | Reached skill level 4 in Unarmed Combat
  3650 | D:4      | Slain by a scorpion

Illustrated notes

Levels and vault maps discovered:
D:1:      dpeg_arrival_caged_fury, layout_loops_corners,
          hellmonk_ecumenical_altar_crossroads, kennysheep_doodads,
          serial_bayou_ford_a
D:2:      layout_rooms
D:3:      layout_basic
D:4:      minmay_thick_lines, layout_loops_corners, portal_sewer_entry_f

Skill      XL: |  1  2  3  4  5 |
---------------+----------------+-----
Stealth        | 1 2 |  2.3
Fighting       | 2 |  2.3
Unarmed Combat | 4 |  4.0
Dodging        | |  2.9
Spellcasting   | |  2.4
Transmutations | |  2.4

Action                   |  1- 3 |  4- 6 || total
-------------------------+-------+-------++-------
Melee: Unarmed           |    95 |   106 ||   201
       Tentacles         |    14 |    22 ||    36
       Constrict         |    24 |    26 ||    50
       Kick              |    18 |    24 ||    42
       Punch             |     2 |     4 ||     6
 Cast: Beastly Appendage |    13 |    23 ||    36
  Use: Potion            |       |     5 ||     5
       Scroll            |       |     4 ||     4
 Stab: Sleeping          |     7 |    11 ||    18
Armor: Skin              |       |     7 ||     7
Dodge: Dodged            |    60 |    42 ||   102
Block: Buckler           |       |     4 ||     4

Table legend: (Time is in decaauts)
 A = Elapsed time spent in this place.
 B = Non-inter-level travel time spent in this place.
 C = Inter-level travel time spent in this place.
 D = Time resting spent in this place.
 E = Time spent auto-exploring this place.
 F = Levels seen in this place.
 G = Mean time per level.
                   A        B        C        D        E       F      G
               +--------+--------+--------+--------+--------+-----+--------+
         Total |   3626 |   3576 |     50 |      0 |   2985 |   4 |  906.5 |
       Dungeon |   3626 |   3576 |     50 |      0 |   2985 |   4 |  906.5 |
               +--------+--------+--------+--------+--------+-----+--------+

Top non-repeatable levels by time:
     D:1: 1672 daAuts
     D:3: 964 daAuts
     D:2: 662 daAuts
     D:4: 326 daAuts
